Selects Airborne Battlegroup
Selects Heavy Machine Gun Paradrop
Heavy Machine Gun Paradrop
Heavy Machine Gun Paradrop
Construct Weapon Support Center
M3 Armored Personnel Carrier
Selects Paratrooper Squad Paradrop
Paratrooper Squad Paradrop
Construct Medical Station
Selects Anti-tank Gun Team Paradrop
Anti-tank Gun Team Paradrop
Paratrooper Squad Paradrop
M18 Hellcat Tank Destroyer
M18 Hellcat Tank Destroyer